Map: Orbital Shipyard

Players

llllllllllll

  • Race: Zerg Zerg

SolO - Winner!

  • Race: Zerg Zerg

Event: LycanGTV LotV Beta Tournament 1

VOD

Have the link to the VOD?

Description

Time

  • Played on: April 2, 2015, 1:52 p.m.
  • Length: 10:58

All games in this series

Show
View Real Time Build Order
Export as new Build Order

llllllllllll Zerg 

Build Orders: Hatch First 

Get SALT Encoding   

  12  0:01  Drone  
  13  0:13  Overlord  
  13  0:20  Drone  
  14  0:31  Drone  
  14  0:32  Drone  
  16  0:36  Drone  
  17  0:47  Drone  
  18  0:55  Hatchery  
  17  0:58  Drone  
  18  1:06  Extractor  
  18  1:07  Drone  
  18  1:14  Spawning Pool  
  17  1:18  Drone  
  18  1:29  Drone  
  19  1:40  Overlord  
  19  1:51  Drone  
  20  2:01  Queen  
  20  2:02  Zergling x2  
  20  2:06  Metabolic Boost  
  20  2:07  Queen  
  20  2:08  Drone  
  26  2:13  Drone  
  27  2:18  Drone  
  28  2:25  Drone  
  28  2:28  Drone  
  30  2:35  Drone  
  30  2:36  Baneling Nest, Queen  
  30  2:40  Zergling x2  
  33  2:54  Drone x2  
  35  3:00  Drone  
  36  3:09  Overlord  
  36  3:18  Lair  
  36  3:21  Zergling x2, Extractor  
  36  3:22  Overlord  
  36  3:28  Drone  
  36  3:29  Drone x7  
  36  3:33  Overlord  
  44  3:40  Roach Warren  
  43  3:43  Zergling x4  
  43  3:47  Overlord x2  
  46  3:48  Zergling x4  
  47  4:04  Overlord  
  47  4:05  Zergling x6  
  48  4:23  Roach x8  
  57  4:32  Roach  
  57  4:36  Roach  
  57  4:37  Queen  
  40  4:57  Roach x5  
  40  5:03  Drone x4  
  42  5:12  Drone  
  42  5:13  Drone, Queen  
  46  5:21  Drone  
  47  5:22  Drone  
  48  5:29  Drone x2  
  48  5:34  Overseer  
  50  5:36  Queen  
  50  5:38  Glial Reconstitution  
  50  5:40  Drone  
  50  5:42  Drone  
  54  5:45  Drone  
  54  5:46  Drone  
  56  5:55  Ravager  
  57  6:02  Overlord  
  57  6:13  Roach x4  
  57  6:14  Drone  
  57  6:16  Extractor  
  57  6:18  Extractor  
  64  6:20  Drone  
  64  6:21  Drone x3  
  68  6:38  Hatchery, Ravager  
  68  6:40  Ravager  
  68  6:41  Drone  
  68  6:42  Drone x7  
  77  6:54  Ravager  
  78  6:58  Overlord x2  
  78  7:01  Ravager  
  78  7:03  Roach x2  
  83  7:09  Roach x2  
  83  7:10  Overlord  
  87  7:16  Roach  
  87  7:17  Overlord x2, Roach x2  
  93  7:32  Roach x3  
  99  7:38  Ravager  
  99  7:39  Ravager  
  101  7:47  Drone x2  
  101  7:49  Drone  
  101  7:50  Overseer  
  104  7:52  Drone x6  
  104  7:53  Drone x2, Extractor  
  111  7:58  Extractor  
  111  8:00  Ravager x2  
  111  8:01  Drone  
  113  8:09  Roach  
  113  8:10  Roach x2  
  113  8:12  Ravager  
  120  8:19  Roach x3  
  126  8:23  Drone x3  
  129  8:32  Roach  
  129  8:33  Roach x4  
  137  8:43  Overlord x3  
  137  8:46  Spine Crawler  
  135  8:51  Overseer  
  135  8:52  Overseer  
  130  9:01  Roach x4  
  137  9:04  Drone x3  
  137  9:05  Drone x4, Ravager  
  137  9:06  Ravager x3  
  147  9:15  Overseer  
  147  9:16  Drone x3  
  150  9:30  Roach  
  150  9:31  Roach x3  
  157  9:33  Overseer  
  157  9:35  Evolution Chamber, Roach  
  157  9:41  Ravager  
  157  9:42  Ravager x3  
  157  9:45  Drone x2  
  162  9:46  Overlord  
  162  9:47  Overlord x3  
  162  9:51  Evolution Chamber  
  161  9:52  Pneumatized Carapace  
  161  9:57  Drone  
  161  9:59  Spine Crawler, Overseer  
  161  10:04  Queen  
  161  10:05  Overlord  
  163  10:18  Drone  
  163  10:19  Drone  
  165  10:27  Roach x9  
  165  10:28  Roach  
  185  10:34  Roach x3  
Show
View Real Time Build Order
Export as new Build Order

SolO Zerg - Winner!

Build Orders: Hatch First, Ravager All-In 

Get SALT Encoding   

  12  0:01  Drone  
  13  0:12  Overlord  
  13  0:18  Drone  
  14  0:31  Drone x2  
  14  0:35  Drone  
  17  0:45  Drone  
  18  0:55  Hatchery  
  17  0:59  Drone  
  18  1:06  Drone  
  19  1:13  Extractor  
  19  1:15  Spawning Pool  
  17  1:20  Drone  
  18  1:29  Drone  
  19  1:42  Drone  
  20  1:51  Overlord  
  21  2:01  Drone  
  21  2:06  Extractor, Queen  
  21  2:07  Roach Warren, Queen  
  23  2:08  Zergling x2  
  23  2:11  Drone  
  25  2:19  Drone  
  27  2:22  Drone  
  27  2:30  Drone  
  28  2:38  Drone  
  29  2:47  Overlord x2  
  29  2:59  Roach x2  
  29  3:02  Roach  
  29  3:05  Roach  
  37  3:12  Roach  
  39  3:15  Roach x2  
  39  3:16  Roach  
  45  3:21  Ravager  
  45  3:23  Roach  
  45  3:24  Ravager  
  49  3:31  Drone x2, Ravager  
  52  3:35  Overlord  
  52  3:40  Overlord  
  52  3:55  Ravager  
  53  3:58  Ravager  
  53  4:00  Drone x5  
  53  4:01  Overlord  
  59  4:09  Drone x3  
  59  4:27  Ravager  
  59  4:38  Ravager  
  60  4:42  Drone x2  
  45  5:04  Lair, Drone x4, Extractor  
  45  5:05  Drone x4, Extractor  
  48  5:11  Evolution Chamber, Roach x2  
  49  5:18  Hatchery  
  49  5:20  Roach  
  50  5:23  Roach  
  52  5:30  Roach x4  
  52  5:32  Roach  
  52  5:33  Roach, Zergling x2  
  52  5:34  Zergling x4  
  67  5:36  Roach  
  67  5:42  Ravager  
  70  5:44  Roach  
  70  5:48  Overlord  
  72  5:52  Ravager  
  72  5:54  Roach  
  75  5:58  Drone  
  75  6:03  Glial Reconstitution  
  76  6:05  Overlord  
  76  6:06  Overlord x3  
  76  6:11  Drone x5  
  78  6:14  Zerg Missile Weapons Level 1  
  81  6:19  Roach  
  81  6:24  Overlord  
  83  6:26  Roach  
  83  6:30  Queen  
  83  6:31  Roach  
  89  6:35  Roach  
  89  6:37  Ravager x2  
  93  6:44  Roach x3  
  99  6:53  Roach x3  
  99  6:54  Roach  
  107  6:57  Drone x3  
  110  7:03  Burrow  
  110  7:04  Drone x2  
  110  7:06  Extractor  
  111  7:10  Roach  
  111  7:14  Overlord x2  
  113  7:22  Overlord  
  113  7:28  Ravager  
  114  7:33  Ravager x3  
  114  7:36  Roach  
  119  7:38  Drone x5  
  119  7:40  Overseer, Extractor  
  119  7:43  Overseer  
  123  7:44  Evolution Chamber  
  123  7:48  Drone x2  
  123  7:49  Drone x2  
  126  7:53  Roach x5  
  136  8:00  Overlord x2  
  136  8:08  Zerg Missile Weapons Level 2  
  138  8:20  Roach x4  
  138  8:22  Roach  
  138  8:23  Roach x3  
  144  8:29  Zerg Ground Armor Level 1  
  144  8:33  Roach x3  
  144  8:34  Roach x2  
  149  8:42  Hatchery  
  149  8:46  Roach  
  148  8:54  Roach x3  
  154  8:57  Overlord x4  
  154  9:02  Roach  
  150  9:08  Overlord  
  150  9:12  Roach  
  148  9:19  Roach  
  148  9:20  Roach x10  
  170  9:27  Roach  
  172  9:33  Roach x8  
  172  9:34  Roach  
  190  9:40  Overlord  
  190  9:47  Ravager  
  190  9:48  Overlord, Ravager x3  
  194  9:58  Ravager x5  
  194  9:59  Spore Crawler, Ravager  
  199  10:01  Ravager  
  200  10:14  Infestation Pit  
  200  10:15  Hydralisk Den  
  198  10:33  Roach x2  

Tags
 
Add a new tag
Caveats
  • Supply blocks, unpowered buildings, or Contaminate may cause inaccurate times.
  • Supply counts are checked every 10 seconds.